 Dungeon Crawl Stone Soup version 0.18.1-6-gd335043 (webtiles) character file.

35079 dvd the Lord of Darkness (level 13, -5/105 HPs)
             Began as a Deep Dwarf Necromancer on May 12, 2016.
             Was the Champion of Kikubaaqudgha.
             Slain by an ettin
             ... wielding a +0 dire flail
              (30 damage)
             ... on level 1 of the Orcish Mines on May 17, 2016.
             The game lasted 01:52:19 (22152 turns).

dvd the Lord of Darkness (Deep Dwarf Necromancer)  Turns: 22152, Time: 01:52:20

Health: -5/105     AC: 17    Str: 13    XL:     13   Next: 45%
Magic:  35/38      EV: 17    Int: 20    God:    Kikubaaqudgha [******]
Gold:   1143       SH:  1    Dex: 13    Spells: 8 memorised, 10 levels left

rFire  + . .     SeeInvis .     K - +3 dire flail (protect)
rCold  . . .     Gourm    .     D - +2 robe {Archmagi}
rNeg   . . .     Faith    .     (shield currently unavailable)
rPois  .         Spirit   .     i - +2 hat
rElec  .         Dismiss  .     (no cloak)
rCorr  .         Reflect  .     l - +0 pair of gloves
SustAt .         Harm     .     (no boots)
MR     +++..     Clarity  +     (no amulet)
Stlth  +++.......               n - +4 ring of protection
                                m - ring of magical power

@: non-regenerating, repel missiles, corpse armour, extremely resistant to
hostile enchantments, fairly stealthy
A: damage resistance, recharge devices, antennae 1, blink, clarity, fire
resistance 1, magic resistance 2, sense surroundings 2, slow regeneration 3,
wild magic 1, MP-powered wands
a: Device Recharging, Blink, Receive Corpses, Torment, Renounce Religion


You were on level 1 of the Orcish Mines.
You worshipped Kikubaaqudgha.
Kikubaaqudgha was exalted by your worship.
You were not hungry.

You visited 4 branches of the dungeon, and saw 19 of its levels.

You collected 1143 gold pieces.

Inventory:

Hand Weapons
 r - a +3 flail of draining
 K - a +3 dire flail of protection (weapon)
 M - a +3 flail
 Q - the +7 great mace "Firestarter" {inner flame, rF++}
   (You found it on level 2 of the Lair of Beasts)

   It has been specially enchanted to burn those struck by it, causing extra
   injury to most foes and up to half again as much damage against particularly
   susceptible opponents.
   It greatly protects you from fire.
 U - a +4 demon trident of draining
Armour
 i - a +2 hat (worn)
 l - a +0 pair of gloves (worn)
 D - a +2 robe of the Archmagi (worn)
 E - a +2 robe of cold resistance
 I - a +1 robe of magic resistance
Jewellery
 k - an uncursed ring of magical power
 m - a ring of magical power (left hand)
 n - a +4 ring of protection (right hand)
 o - an uncursed ring of protection from magic
 u - an uncursed ring of protection from fire
 L - an uncursed amulet of harm
Wands
 c - a wand of heal wounds (2/9)
 s - a wand of teleportation (1/9)
 v - a wand of acid (9/15)
 y - a wand of random effects (5/48)
 F - a wand of flame (15/48)
 G - a wand of paralysis (4/24)
 J - a wand of lightning (8/15)
 N - a wand of confusion (20/48)
 V - a wand of digging (11/24)
Scrolls
 g - a scroll of fear
 j - a scroll of teleportation
 t - 6 scrolls of identify
 B - 3 scrolls of amnesia
 T - a scroll of recharging
 W - 3 scrolls of remove curse
Potions
 e - 4 potions of cancellation
 f - 3 potions of flight
 q - 3 potions of curing
 H - 2 potions of heal wounds
 O - a potion of haste
 R - a potion of cure mutation
 S - 2 potions of might
 Y - a potion of mutation
Books
 a - Kikubaaqudgha's Catalogue of Black Arts
   (Kikubaaqudgha gifted it to you on level 7 of the Dungeon)

   Spells                             Type                      Level
   a - Animate Skeleton               Necromancy                   1
   b - Corpse Rot                     Necromancy                   2
   c - Sublimation of Blood           Necromancy                   2
   d - Vampiric Draining              Necromancy                   3
   e - Control Undead                 Necromancy                   4
 b - a book of Necromancy

   Spells                             Type                      Level
   a - Pain                           Necromancy                   1
   b - Animate Skeleton               Necromancy                   1
   c - Vampiric Draining              Necromancy                   3
   d - Regeneration                   Charms/Necromancy            3
   e - Animate Dead                   Necromancy                   4
   f - Control Undead                 Necromancy                   4
 p - Kikubaaqudgha's Compendium of Necromancy
   (Kikubaaqudgha gifted it to you on level 8 of the Dungeon)

   Spells                             Type                      Level
   a - Animate Dead                   Necromancy                   4
   b - Agony                          Necromancy                   5
   c - Cigotuvi's Embrace             Necromancy                   5
   d - Dispel Undead                  Necromancy                   5
   e - Simulacrum                     Ice/Necromancy               6
 w - a book of Battle

   Spells                             Type                      Level
   a - Infusion                       Charms                       1
   b - Shroud of Golubria             Charms/Translocation         2
   c - Song of Slaying                Charms                       2
   d - Spectral Weapon                Hexes/Charms                 3
   e - Regeneration                   Charms/Necromancy            3
 x - Sif Muna's Incunabulum of Self-Improvement
   (You found it on level 5 of the Dungeon)

   Spells                             Type                      Level
   a - Infusion                       Charms                       1
   b - Shroud of Golubria             Charms/Translocation         2
   c - Repel Missiles                 Charms/Air                   2
   d - Swiftness                      Charms/Air                   2
   e - Spectral Weapon                Hexes/Charms                 3
   f - Excruciating Wounds            Charms/Necromancy            5
   g - Iskenderun's Battlesphere      Conjuration/Charms           5
 C - a Necronomicon

   Spells                             Type                      Level
   a - Haunt                          Necromancy/Summoning         7
   b - Borgnjor's Revivification      Necromancy                   8
   c - Death's Door                   Charms/Necromancy            8
   d - Necromutation                  Transmutation/Necromancy     8
Comestibles
 d - 11 bread rations
 h - 11 meat rations
 z - 20 fruits


   Skills:
 + Level 4.1 Fighting
 + Level 4.8 Maces & Flails
 + Level 9.9 Dodging
 + Level 5.5 Stealth
   Level 2.0 Shields
 + Level 12.0 Spellcasting
 * Level 5.8 Charms
 + Level 14.0 Necromancy
 + Level 1.2 Translocations
 + Level 0.1 Air Magic
 + Level 1.1 Evocations


You had 10 spell levels left.
You knew the following spells:

 Your Spells              Type           Power        Failure   Level  Hunger
a - Pain                  Necr           ####         1%          1    None
b - Vampiric Draining     Necr           #######...   1%          3    None
c - Animate Dead          Necr           N/A          1%          4    #......
d - Shroud of Golubria    Chrm/Tloc      ######....   3%          2    None
e - Repel Missiles        Chrm/Air       #####.       4%          2    None
f - Control Undead        Necr           #######...   1%          4    #......
g - Dispel Undead         Necr           #######.     1%          5    ####...
h - Cigotuvi's Embrace    Necr           #######...   1%          5    ####...


Dungeon Overview and Level Annotations

Branches:
Dungeon (12/15)            Temple (1/1) D:6            Lair (5/8) D:8
 Shoals (0/4) Lair:5          Orc (1/2) D:11
  Snake: Lair:3-6    Spider: Lair:3-6

Altars:
Ashenzari
Cheibriados
Dithmenos
Elyvilon
Fedhas
Gozag
Kikubaaqudgha
Makhleb
Nemelex Xobeh
Okawaru
Pakellas
Qazlal
Ru
Sif Muna
Trog
Vehumet
Xom
Yredelemnul
Zin
The Shining One

Shops:
D:6 [

Portals:
Bailey: Orc:1


Innate Abilities, Weirdness & Mutations

You are resistant to damage.
You can recharge devices by infusing magical energy.
You passively map the area around you.
You do not regenerate naturally.
You have a pair of small antennae on your head.
You can translocate small distances at will.
You possess an exceptional clarity of mind.
Your flesh is heat resistant.
You are highly resistant to hostile enchantments.
Your spells are a little harder to cast, but a little more powerful.
You expend magic power (3 MP) to strengthen your wands.


Message History

There is an entrance to a bailey on this level.
Hurry and find it before the portal closes forever!
You hear the faint creaking of a very distant portcullis.
The ettin hits you with a dire flail!!!
* * * LOW HITPOINT WARNING * * *
The ettin hits you with a dire flail!
* * * LOW HITPOINT WARNING * * *
The orc warrior closely misses you. The orc closely misses you.
There is a staircase back to the Dungeon, spattered with blood here.
Things that are here:
a leather armour; a flail Unknown command.
You don't have enough health at the moment.
Unknown command.
Evoke which item? (* to show all) (? for menu, Esc to quit)
Zapping:
c - a wand of heal wounds (3/9)
Press: ? - help, Shift-Dir - straight line, f - you You feel much better.
This wand has 2 charges left.
The ettin hits you with a dire flail!!
You die...
Kikubaaqudgha rasps: "You have failed me!
Welcome... death!"

### #####.## ##..#...#
## ##)..)..### ##o
##.#.[)....## ##.#
#.oC........# ##o##
*#..@>[.....## ##o##
#...o..#....####C##
****##....#......##.##
**,**,##....#.....#.##
*,,,,,.............##
**,*,..........##.##
**,..#.......#####
**..#.......#*,,*
*,,,,.#....,,,******


You could see an ettin, an orc warrior and an orc.

Vanquished Creatures
  Maud (Lair:3)
  4 hydras
  A queen ant (D:8)
  6 death yaks
  2 hill giants
  7 elephants
  The ghost of Anouleth the Chucker, a novice OgHu (D:4)
  An ugly thing (D:7)
  2 black mambas
  A torpor snail (Lair:3)
  2 sirens (Lair:5)
  A gargoyle (D:10)
  8 spiny frogs
  A komodo dragon (Lair:4)
  2 rime drakes
  2 trolls
  A two-headed ogre (D:8)
  12 blink frogs
  A spriggan (D:7)
  A wyvern (Lair:4)
  8 yaks
  A basilisk (Lair:4)
  Grum (D:8)
  Menkaure (D:7)
  11 hippogriffs
  A steam dragon (D:10)
  5 soldier ants (D:8)
  A warg (D:11)
  2 water moccasins
  6 porcupines
  A sky beast (D:10)
  4 ice beasts
  7 orc warriors
  A black bear (D:8)
  5 ogres
  4 phantoms
  4 centaurs
  7 wolves
  8 crocodiles
  Blork the orc (D:5)
  9 giant frogs
  A wyvern zombie (D:9)
  A water moccasin zombie (D:5)
  4 scorpions
  10 killer bees
  6 wights
  3 crimson imps
  2 quasits
  2 giant frog zombies
  6 hounds
  10 orc priests
  A giant frog skeleton (D:8)
  14 orc wizards
  2 centaur skeletons
  23 worker ants
  Natasha (thrice) (D:3)
  7 iguanas
  16 sheep
  A hound zombie (D:5)
  A hound skeleton (D:4)
  Robin (D:4)
  4 gnolls
  13 adders
  58 river rats
  4 shadow imps
  2 worms
  A dart slug (D:1)
  17 giant geckos
  52 orcs
  2 ball pythons
  9 bats
  11 giant cockroaches
  20 goblins
  5 hobgoblins
  12 jackals
  5 kobolds
  5 quokkas
  11 giant newts
  A quokka skeleton (D:4)
  A quokka zombie (D:9)
  8 rats
  A fungus (Lair:3)
501 creatures vanquished.

Vanquished Creatures (collateral kills)
  A hydra (D:10)
  A hill giant (D:10)
  A black mamba (Lair:5)
  A komodo dragon (Lair:4)
  2 merfolk (Lair:5)
  4 blink frogs
  A hippogriff (D:8)
  A soldier ant (D:8)
  A water moccasin (Lair:3)
  A centaur (D:10)
  2 wolves (Lair:5)
  2 giant frogs
  A scorpion (D:10)
  A killer bee (D:8)
  8 wights
  A crimson imp (D:8)
  An iguana (Lair:3)
  An orc wizard (D:8)
  9 worker ants (D:8)
  A worker ant zombie (D:7)
  A gnoll (D:7)
  An adder (D:10)
  5 river rats
  A shadow imp (D:6)
  An adder zombie (D:7)
  An adder skeleton (D:8)
  A dart slug (D:4)
  4 orcs
  A goblin (D:4)
  4 jackals (D:8)
  A fungus (Lair:5)
62 creatures vanquished.

Vanquished Creatures (others)
  7 fungi
  3 plants
10 creatures vanquished.

Grand Total: 573 creatures vanquished

Notes
Turn   | Place    | Note
--------------------------------------------------------------
     0 | D:1      | dvd the Deep Dwarf Necromancer began the quest for the Orb.
     0 | D:1      | Reached XP level 1. HP: 15/15 MP: 3/3
   244 | D:1      | Reached XP level 2. HP: 22/22 MP: 2/4
   329 | D:1      | Reached skill level 5 in Necromancy
   707 | D:1      | Reached XP level 3. HP: 21/28 MP: 3/6
   712 | D:1      | Learned a level 3 spell: Vampiric Draining
  1370 | D:2      | Reached XP level 4. HP: 36/36 MP: 7/7
  1838 | D:2      | Learned a level 4 spell: Animate Dead
  2552 | D:3      | Noticed Natasha
  2561 | D:3      | Killed Natasha
  2561 | D:3      | Reached XP level 5. HP: 34/42 MP: 7/9
  2801 | D:3      | Noticed Natasha
  2806 | D:3      | Killed Natasha
  2833 | D:3      | Reached skill level 6 in Necromancy
  2937 | D:3      | Noticed Natasha
  2942 | D:3      | Killed Natasha
  2942 | D:3      | Reached XP level 6. HP: 38/49 MP: 4/11
  3328 | D:3      | Found a snail-covered altar of Cheibriados.
  3595 | D:4      | Found an opulent altar of Gozag.
  3811 | D:4      | Noticed Anouleth's ghost (novice OgHu)
  3827 | D:4      | Killed Anouleth's ghost
  3827 | D:4      | Reached XP level 7. HP: 40/56 MP: 13/14
  3947 | D:4      | Learned a level 2 spell: Shroud of Golubria
  4161 | D:4      | Noticed Robin
  4178 | D:4      | Killed Robin
  4178 | D:4      | Reached skill level 5 in Spellcasting
  4285 | D:4      | Reached skill level 7 in Necromancy
  4403 | D:5      | Entered Level 5 of the Dungeon
  4777 | D:5      | Identified Sif Muna's Incunabulum of Self-Improvement
  4781 | D:5      | Learned a level 2 spell: Repel Missiles
  4900 | D:5      | Reached skill level 1 in Maces & Flails
  4900 | D:5      | Reached XP level 8. HP: 62/63 MP: 15/15
  5173 | D:5      | Found a bloodstained altar of Trog.
  5176 | D:5      | Found a glowing silver altar of Zin.
  5176 | D:5      | Noticed Blork the orc
  5177 | D:5      | Found a stormy altar of Qazlal.
  5177 | D:5      | Found a basalt altar of Yredelemnul.
  5204 | D:5      | Reached skill level 1 in Fighting
  5204 | D:5      | Reached skill level 5 in Dodging
  5210 | D:5      | Killed Blork the orc
  5446 | D:6      | Noticed Menkaure
  5557 | D:6      | Found a staircase to the Ecumenical Temple.
  5592 | Temple   | Entered the Ecumenical Temple
  5689 | Temple   | Became a worshipper of Kikubaaqudgha
  5766 | D:6      | Found Ejeuff's Armour Shoppe.
  6620 | D:7      | Reached skill level 8 in Necromancy
  6620 | D:7      | Gained mutation: You passively map the area around you. [Deep Dwarf growth]
  6620 | D:7      | Reached XP level 9. HP: 57/73 MP: 16/19
  6718 | D:7      | Killed Menkaure
  6718 | D:7      | Reached skill level 1 in Shields
  6863 | D:7      | Gained mutation: You are resistant to hostile enchantments. [potion of mutation]
  6863 | D:7      | Gained mutation: You have a pair of small antennae on your head. [potion of mutation]
  6863 | D:7      | Gained mutation: Your body sometimes deteriorates upon taking damage. [potion of mutation]
  6864 | D:7      | Gained mutation: You expend magic power (3 MP) to strengthen your wands. [potion of mutation]
  6864 | D:7      | Gained mutation: Your flesh is heat resistant. [potion of mutation]
  6865 | D:7      | Gained mutation: You are highly resistant to hostile enchantments. [potion of mutation]
  6865 | D:7      | Lost mutation: Your body sometimes deteriorates upon taking damage. [potion of mutation]
  6865 | D:7      | Gained mutation: You can translocate small distances at will. [potion of mutation]
  7133 | D:7      | Reached * piety under Kikubaaqudgha
  7133 | D:7      | Received a gift from Kikubaaqudgha
  7134 | D:7      | Identified Kikubaaqudgha's Catalogue of Black Arts (Kikubaaqudgha gifted it to you on level 7 of the Dungeon)
  7601 | D:7      | Noticed a white ugly thing
  7728 | D:7      | Killed a white ugly thing
  7728 | D:7      | Reached skill level 9 in Necromancy
  8330 | D:8      | Noticed a queen ant
  8501 | D:8      | Reached XP level 10. HP: 53/80 MP: 9/22
  8516 | D:8      | Killed a queen ant
  8516 | D:8      | Reached skill level 10 in Necromancy
  8635 | D:8      | Reached ** piety under Kikubaaqudgha
  8776 | D:8      | Found a staircase to the Lair.
  8788 | D:8      | Noticed a spiny frog
  8802 | D:8      | Killed a spiny frog
  9161 | D:8      | Learned a level 4 spell: Control Undead
  9350 | D:8      | Reached *** piety under Kikubaaqudgha
  9350 | D:8      | Received a gift from Kikubaaqudgha
  9351 | D:8      | Identified Kikubaaqudgha's Compendium of Necromancy (Kikubaaqudgha gifted it to you on level 8 of the Dungeon)
  9811 | D:8      | Found a deep blue altar of Sif Muna.
  9847 | D:8      | Noticed Grum
  9863 | D:8      | Reached skill level 11 in Necromancy
  9871 | D:8      | Killed Grum
  9916 | D:8      | Learned a level 5 spell: Dispel Undead
  9922 | D:8      | Learned a level 5 spell: Cigotuvi's Embrace
 10609 | D:9      | Found an iron altar of Okawaru.
 10609 | D:9      | Found a sacrificial altar of Ru.
 10609 | D:9      | Found a radiant altar of Vehumet.
 10672 | D:9      | Found a shadowy altar of Dithmenos.
 10699 | D:9      | Found a shimmering altar of Xom.
 10920 | D:9      | Reached XP level 11. HP: 81/88 MP: 19/24
 11204 | D:10     | Entered Level 10 of the Dungeon
 11582 | D:10     | Reached **** piety under Kikubaaqudgha
 11660 | D:10     | Noticed a hill giant
 11673 | D:10     | Killed a hill giant
 11718 | D:10     | Noticed a four-headed hydra
 12223 | D:10     | Killed a four-headed hydra
 12223 | D:10     | Reached skill level 1 in Translocations
 12285 | D:10     | Noticed a hill giant
 12291 | D:10     | Killed a hill giant
 12452 | D:11     | Found a staircase to the Orcish Mines.
 13275 | D:12     | Noticed a green ugly thing
 13292 | D:12     | Noticed a hill giant
 13327 | D:12     | Killed a hill giant
 13327 | D:12     | Reached skill level 10 in Spellcasting
 13327 | D:12     | Reached skill level 1 in Charms
 13696 | Lair:1   | Entered Level 1 of the Lair of Beasts
 13757 | Lair:1   | Noticed a five-headed hydra
 13767 | Lair:1   | Killed a five-headed hydra
 13829 | Lair:1   | Reached skill level 12 in Necromancy
 13857 | Lair:1   | Reached ***** piety under Kikubaaqudgha
 14766 | Lair:1   | Upgraded the game from 0.18.1-5-g4a78601 to 0.18.1-6-gd335043
 14848 | Lair:2   | Reached skill level 5 in Stealth
 14848 | Lair:2   | Reached XP level 12. HP: 64/98 MP: 22/26
 15875 | Lair:3   | Noticed a death yak
 15928 | Lair:3   | Noticed a four-headed hydra
 15938 | Lair:3   | Killed a four-headed hydra
 16084 | Lair:3   | Noticed Maud
 16105 | Lair:3   | Killed Maud
 16963 | Lair:3   | Noticed a five-headed hydra
 16973 | Lair:3   | Killed a five-headed hydra
 17293 | Lair:3   | Killed a death yak
 17986 | Lair:4   | Reached skill level 13 in Necromancy
 18906 | Lair:4   | Gained mutation: Your spells are a little harder to cast, but a little more powerful. [potion of mutation]
 18906 | Lair:4   | Gained mutation: You possess an exceptional clarity of mind. [potion of mutation]
 18962 | Lair:4   | Noticed a five-headed hydra
 18976 | Lair:4   | Killed a five-headed hydra
 19367 | Lair:4   | Noticed a death yak
 19370 | Lair:4   | Noticed a death yak
 19370 | Lair:4   | Noticed a death yak
 19370 | Lair:4   | Noticed a death yak
 19371 | Lair:4   | Noticed a death yak
 19430 | Lair:3   | Killed a death yak
 19430 | Lair:3   | Reached skill level 5 in Charms
 19453 | Lair:4   | Killed a death yak
 19453 | Lair:4   | Reached XP level 13. HP: 90/105 MP: 3/28
 19680 | Lair:3   | Reached ****** piety under Kikubaaqudgha
 19681 | Lair:3   | Received a gift from Kikubaaqudgha
 20866 | Lair:5   | Found a staircase to the Shoals.
 21344 | Lair:5   | Reached skill level 1 in Evocations
 21907 | Orc:1    | Entered Level 1 of the Orcish Mines
 21921 | Orc:1    | Reached skill level 14 in Necromancy
 21996 | Orc:1    | Found a flagged portal.
 21998 | Orc:1    | Noticed an ettin
 22151 | Orc:1    | HP: 3/105 [ettin/dire flail (12)]
 22152 | Orc:1    | Slain by an ettin

Skill      XL: |  1  2  3  4  5  6  7  8  9 10 11 12 13 |
---------------+----------------------------------------+-----
Necromancy     | 5 6 7 8 9 11 12 13 14 | 14.0
Spellcasting   | 2 3 4 5 6 8 9 10 11 12 | 12.0
Dodging        | 3 4 5 6 7 9 |  9.9
Stealth        | 3 4 5 |  5.5
Maces & Flails | 1 2 3 4 |  4.8
Fighting       | 1 2 3 4 |  4.1
Shields        | 1 2 |  2.0
Translocations | 1 |  1.2
Charms         | 2 5 |  5.8
Evocations     | 1 |  1.1
Air Magic      | |  0.1

Action                   |  1- 3 |  4- 6 |  7- 9 | 10-12 | 13-15 || total
-------------------------+-------+-------+-------+-------+-------++-------
Melee: Unarmed           |     1 |       |       |       |       ||     1
       Club              |    38 |       |       |       |       ||    38
       Spear             |     5 |     2 |       |       |       ||     7
       Flail             |       |    39 |    71 |   205 |       ||   315
       Whip              |       |     9 |    33 |       |       ||    42
       Dire flail        |       |       |    74 |   337 |   163 ||   574
       Great mace        |       |       |       |    19 |       ||    19
       Demon trident     |       |       |       |     2 |       ||     2
 Cast: Pain              |    58 |    63 |    84 |   128 |    42 ||   375
       Vampiric Draining |     4 |    38 |   115 |   391 |   108 ||   656
       Animate Dead      |       |     9 |    20 |    49 |    11 ||    89
       Shroud of Golubri |       |       |     6 |    15 |     3 ||    24
       Repel Missiles    |       |       |     2 |     1 |       ||     3
       Dispel Undead     |       |       |       |     5 |       ||     5
       Control Undead    |       |       |       |     3 |       ||     3
       Cigotuvi's Embrac |       |       |       |     4 |     3 ||     7
Invok: Receive Necronomi |       |       |       |       |     1 ||     1
 Abil: Blink             |       |       |       |     1 |       ||     1
Evoke: Wand              |       |     2 |     3 |     4 |     9 ||    18
  Use: Scroll            |       |       |    10 |    11 |     4 ||    25
       Potion            |       |       |    13 |     8 |       ||    21
 Stab: Sleeping          |     2 |     2 |     5 |    13 |     2 ||    24
       Distracted        |       |     1 |       |     4 |       ||     5
       Paralysed         |       |       |       |     2 |       ||     2
  Eat: Chunk             |     3 |    13 |    16 |    29 |     6 ||    67
       Beef jerky        |       |       |     2 |     2 |       ||     4
       Pizza             |       |       |     1 |     1 |       ||     2
       Meat ration       |       |       |       |     1 |     1 ||     2
       Fruit             |       |       |       |     1 |       ||     1
Armor: Robe              |    17 |    20 |    92 |   385 |   129 ||   643
Dodge: Dodged            |    52 |    73 |   194 |   942 |   299 ||  1560
       Deflected         |       |       |     1 |     7 |     3 ||    11
Block: Buckler           |       |       |    35 |    61 |       ||    96
       Other             |       |       |       |       |    13 ||    13
